 Dungeon Crawl Stone Soup version 0.29-a0-582-ge82337ba6a (webtiles) character file.

Game seed: 4672475831173896894

178 zeratav the Stinger (level 5, -4/31 HPs)
             Began as an Octopode Venom Mage on June 15, 2022.
             Slain by an iguana (11 damage)
             ... on level 4 of the Dungeon.
             The game lasted 00:03:51 (3168 turns).

zeratav the Stinger (Octopode Venom Mage)           Turns: 3168, Time: 00:03:52

Health: -4/31      AC:  1    Str:  7    XL:     5   Next: 58%
Magic:  5/9        EV: 13    Int: 19    God:
Gold:   123        SH:  0    Dex: 13    Spells: 5/10 levels left

rFire   . . .      SeeInvis .   d - +2 short sword (drain) {short}
rCold   . . .      Faith    .   (no shield)
rNeg    . . .      Spirit   .   (helmet restricted)
rPois   .          Reflect  .   (no amulet)
rElec   .          Harm     .   (no ring)
rCorr   .          Rampage  .   (no ring)
Will    .....                   (no ring)
Stlth   +++.......              (no ring)
HPRegen 0.10/turn               (no ring)
MPRegen 0.11/turn               (no ring)
                                (no ring)
                                (no ring)

@: about to teleport, very slightly contaminated
A: almost no armour, amphibious, 8 rings, camouflage 1, gelatinous body 1,
(nimble swimmer 1), tentacles
a: no special abilities


You were on level 4 of the Dungeon.
You visited 1 branch of the dungeon, and saw 4 of its levels.

You collected 123 gold pieces.


Innate Abilities, Weirdness & Mutations

You cannot wear most types of armour.
You are amphibious.
You can wear up to eight rings at the same time.
Your skin changes colour to match your surroundings (Stealth+).
Your rubbery body absorbs attacks. (AC +1, EV +1)
((You are camouflaged when in or above water. (Stealth+)))
You have tentacles for arms and can constrict up to eight enemies at once.


   Skills:
 - Level 2.0 Dodging
 - Level 2.6 Stealth
 + Level 3.2 Spellcasting
 - Level 1.0 Transmutations
 * Level 6.4 Poison Magic


You had 5 spell levels left.
You knew the following spells:

 Your Spells              Type           Power      Damage    Failure   Level
a - Sting                 Tmut/Pois      68%        1d6       3%          1
b - Olgreb's Toxic Radia  Pois           27%        N/A       11%         4

Your spell library contained the following spells:

 Spells                   Type           Power      Damage    Failure   Level
 Poisonous Vapours        Pois/Air       30%        N/A       6%          2
 Necrotize                Necr           12%        1d4       16%         1
 Mephitic Cloud           Conj/Pois/Air  11%        N/A       19%         3
 Sublimation of Blood     Necr           3%         N/A       22%         2
 Vampiric Draining        Necr           3%         2d6       41%         3
 Petrify                  Tmut/Erth      5%         N/A       77%         4
 Irradiate                Conj/Tmut      2%         3d14      98%         5
 Agony                    Necr           3%         N/A       99%         5

Inventory:

Hand Weapons
 d - a +2 short sword of draining (weapon) {short}
   (You found it on level 1 of the Dungeon)
Jewellery
 l - a ring of fire
   (You found it on level 2 of the Dungeon)
Wands
 u - a wand of polymorph (1)
   (You took it off Natasha on level 3 of the Dungeon)
Scrolls
 b - a scroll of blinking {unknown}
 g - 7 scrolls of teleportation {@r4}
 h - a scroll of immolation {unknown}
 k - 2 scrolls of identify {@r1}
 n - a scroll of amnesia {unknown}
 o - a scroll of magic mapping {unknown}
 q - a scroll of poison {unknown}
 s - a scroll of acquirement {unknown}
 w - a scroll of noise {unknown}
Potions
 a - a potion of magic
 c - 2 potions of ambrosia {unknown}
 e - 3 potions of lignification {unknown}
 f - 3 potions of curing {@q1}
 i - 2 potions of heal wounds {unknown}
 j - 2 potions of flight {unknown}
 m - a potion of degeneration {unknown}
 p - a potion of berserk rage {unknown}
 r - a potion of resistance {unknown}
 t - a potion of invisibility {unknown}
 v - 2 potions of brilliance {unknown}

Dungeon Overview and Level Annotations

Branches:
Dungeon (4/15)
 Temple: D:4-7

Altars:
Ashenzari
Zin

Shops:
D:3

*
.......................#
........#...#..#........
........##+##.##########
..............# #
.........#.#.## ####
.............# #..'
.........############.##
......gg.# #.........##
.......@g# #.........##
.....gglg# #.........#
.......gg# #########.##
.......g.# #......
........>. #......
........... #......
............ #....<.
.........#### #......
?......... #......


You could see an iguana, 2 hobgoblins and 7 goblins.


Message History

No target in view!
Items here: ( )) ††.
Things that are here:
a +0 club {mace}; 2 stones {throwing}; a kobold corpse As you open the door, it creaks loudly!
i - 2 red potions (gained 1)
A giant cockroach comes into view.
A goblin comes into view. It is wielding a +0 dagger.
A goblin comes into view. It is wielding a +0 dagger.
Found an escape hatch in the floor.
A giant cockroach comes into view. 2 goblins come into view.
A goblin and an iguana come into view.
The goblin shouts!
You hear a shout!
A hobgoblin comes into view.
The goblin shouts! x4; You hear a shout! x2
The giant cockroach barely misses you.
A goblin comes into view. It is wielding a +0 club.
A hobgoblin comes into view.
The hobgoblin shouts!
You hear a shout!
The iguana hisses angrily.
You hit the giant cockroach. You drain the giant cockroach.
You grab the giant cockroach. You squeeze the giant cockroach.
You kill the giant cockroach!
You hit the giant cockroach. Your grab misses the giant cockroach.
You squeeze the giant cockroach.
The goblin hits you with a +0 dagger. x2
The giant cockroach closely misses you.
HP[-7]
You take 7 damage, and now have 24/31 hp.
MASSIVE DAMAGE!! (PAUSE)
You hit the giant cockroach.
You kill the giant cockroach!
The iguana hisses menacingly.
The goblin hits you with a +0 dagger. x2
You are too injured to fight recklessly!
HP[-6]
You take 6 damage, and now have 18/31 hp.
You are too injured to fight recklessly!
You are too injured to fight recklessly!
You are too injured to fight recklessly!
You are too injured to fight recklessly!
You are too injured to fight recklessly!
You are too injured to fight recklessly!
You are too injured to fight recklessly!
You are too injured to fight recklessly!
You are too injured to fight recklessly!
You are too injured to fight recklessly!
You are too injured to fight recklessly!
You are too injured to fight recklessly!
You are too injured to fight recklessly!
You are too injured to fight recklessly!
You are too injured to fight recklessly!
You are too injured to fight recklessly!
You are too injured to fight recklessly!
You are too injured to fight recklessly!
Cast which spell? (? or * to list)
The spell is quite dangerous to miscast (11% risk of failure)!
Continue anyway?
You miscast Olgreb's Toxic Radiance.
You are very lightly contaminated with residual magic.
You feel odd!
You are poisoned.
* * * LOW HITPOINT WARNING * * *
You feel sick.
A goblin comes into view. It is wielding a +0 club.
The goblin closely misses you. The goblin hits you with a +0 dagger.
* * * LOW HITPOINT WARNING * * *
The goblin misses you.
HP[-11] MP[-4]
You take 11 damage, and now have 7/31 hp.
MASSIVE DAMAGE!! (PAUSE)
You lost 4 mp, and now have 5/9 mp.
You feel better. The goblin hits you with a +0 dagger. The iguana bites you!
* * * LOW HITPOINT WARNING * * *
The goblin hits you with a +0 dagger.
* * * LOW HITPOINT WARNING * * *
The goblin barely misses you. x2
HP[-4]
You take 4 damage, and now have 3/31 hp.
The iguana attacks as you move away! The iguana barely misses you.
The goblin closely misses you.
As you read the scroll labelled DASTAE GEKIW, it crumbles to dust.
It is a scroll of identify.
g - 8 scrolls of teleportation The iguana closely misses you.
The goblin misses you. The goblin hits you with a +0 dagger.
* * * LOW HITPOINT WARNING * * *
HP[-1]
You take 1 damage, and now have 2/31 hp.
As you read the scroll of teleportation {@r4}, it crumbles to dust.
You feel strangely unstable. The goblin closely misses you.
The iguana hisses menacingly.
The iguana barely misses you. The goblin closely misses you.
The goblin hits you with a +0 club.
* * * LOW HITPOINT WARNING * * *
The goblin misses you.
HP[-1]
You take 1 damage, and now have 1/31 hp.
You feel better. The goblin misses you. The iguana bites you!
You die...

Skill      XL: |  1  2  3  4  5 |
---------------+----------------+-----
Poison Magic   | 4 5 6 |  6.4
Spellcasting   | 3 |  3.2
Dodging        | |  2.0
Stealth        | |  2.6
Transmutations | |  1.0

Action                   |  1- 3 |  4- 6 || total
-------------------------+-------+-------++-------
Melee: Short sword       |    60 |    60 ||   120
       Tentacles         |     8 |    15 ||    23
       Constrict         |     6 |    17 ||    23
  Use: Scroll            |       |     2 ||     2
       Potion            |       |     2 ||     2
 Stab: Sleeping          |    14 |     9 ||    23
Armor: Skin              |     4 |     4 ||     8
Dodge: Dodged            |    27 |    49 ||    76

Levels and vault maps discovered:
D:1:      mainiacjoe_arrival_reflecting_pool, layout_loops_ring
D:2:      layout_basic, minmay_close_crescents
D:3:      layout_loops_ring, zin_purify, nicolae_ecumenical_oubliette,
          uniq_natasha
D:4:      layout_basic, kennysheep_mini, evilmike_ruin_ashenzari,
          minmay_temple_entry_offerings, uniq_robin, uniq_crazy_yiuf_cottage

Notes
Turn   | Place    | Note
-------+----------+-------------------------------------------
     0 | D:1      | zeratav the Octopode Venom Mage began the quest for the
                  | Orb.
     0 | D:1      | Reached XP level 1. HP: 11/11 MP: 3/3
     0 | D:1      | magus.rc [v1.9.6]
   281 | D:1      | Reached skill level 4 in Poison Magic
   298 | D:1      | Reached XP level 2. HP: 17/17 MP: 5/5
   625 | D:1      | Reached XP level 3. HP: 15/21 MP: 6/6
  1511 | D:2      | Reached skill level 5 in Poison Magic
  1607 | D:2      | Reached XP level 4. HP: 27/27 MP: 6/8
  1714 | D:2      | You pick up a book of Alchemy and begin reading...
  1714 | D:2      | You add the spells Sublimation of Blood, Petrify and
                  | Irradiate to your library.
  1995 | D:3      | Found a faded altar of an unknown god.
  2091 | D:3      | Found Zin's Purification Station.
  2092 | D:3      | Found a glowing silver altar of Zin.
  2219 | D:3      | Noticed Natasha
  2226 | D:3      | Killed Natasha
  2261 | D:3      | Noticed Natasha
  2268 | D:3      | Killed Natasha
  2269 | D:3      | Reached skill level 3 in Spellcasting
  2269 | D:3      | Reached XP level 5. HP: 31/31 MP: 9/9
  2376 | D:3      | Learned a level 4 spell: Olgreb's Toxic Radiance
  2568 | D:3      | Reached skill level 6 in Poison Magic
  2628 | D:3      | Noticed Natasha
  2636 | D:3      | Killed Natasha
  2788 | D:3      | You pick up a book of Necromancy and begin reading...
  2788 | D:3      | You add the spells Necrotize, Vampiric Draining and Agony
                  | to your library.
  3130 | D:4      | Found a broken altar of Ashenzari.
  3163 | D:4      | HP: 7/31 [goblin/+0 dagger[Robin] (3)]
  3164 | D:4      | HP: 3/31 [goblin/+0 dagger[Robin] (2)]
  3167 | D:4      | HP: 1/31 [goblin/+0 club[Robin] (1)]
  3168 | D:4      | Slain by an iguana

Vanquished Creatures
  Natasha (thrice) (D:3)
  4 adders
  A dart slug (D:2)
  An orc (D:3)
  4 bats
  9 endoplasms
  6 giant cockroaches
  7 goblins
  9 hobgoblins
  2 jackals (D:1)
  3 quokkas
  8 ball pythons
  4 frilled lizards
  5 kobolds
  4 rats
70 creatures vanquished.

Table legend:
 A = Non-vault XP
 B = Vault XP
 C = Vault XP percentage of total XP
 D = Non-vault monster count
 E = Vault monster count
 F = Vault count percentage of total count
                 A         B        C        D         E       F
            +---------+---------+-------+---------+---------+-------
      Total |     221 |      34 |  13.3 |      61 |       9 |  12.9
            +---------+---------+-------+---------+---------+-------
        D:1 |      36 |       0 |   0.0 |      21 |       0 |   0.0
        D:2 |      42 |      13 |  23.6 |      17 |       8 |  32.0
        D:3 |     130 |      21 |  13.9 |      16 |       1 |   5.9
        D:4 |      13 |       0 |   0.0 |       7 |       0 |   0.0
            +---------+---------+-------+---------+---------+-------

Illustrated notes

Table legend:
 A = Kills in this place as a percentage of kills in entire the game.
 B = Kills by you in this place as a percentage of kills by you in the entire game.
 C = Kills by friends in this place as a percentage of kills by friends in the entire game.
 D = Other kills in this place as a percentage of other kills in the entire game.
 E = Experience gained in this place as a percentage of experience gained in the entire game.
 F = Experience gained in this place divided by the number of levels of this place that you have seen.
                   A       B       C       D       E      F
               +-------+-------+-------+-------+-------+----------------------
         Total | 100.0 | 100.0 |   N/A |   N/A | 100.0 |  63.8
       Dungeon | 100.0 | 100.0 |   N/A |   N/A | 100.0 |  63.8
               +-------+-------+-------+-------+-------+----------------------

Table legend: (Time is in decaauts)
 A = Elapsed time spent in this place.
 B = Non-inter-level travel time spent in this place.
 C = Inter-level travel time spent in this place.
 D = Time resting spent in this place.
 E = Time spent auto-exploring this place.
 F = Levels seen in this place.
 G = Mean time per level.
                   A        B        C        D        E       F      G
               +--------+--------+--------+--------+--------+-----+--------+
         Total |   3178 |   3114 |     64 |    248 |   2437 |   4 |  794.5 |
       Dungeon |   3178 |   3114 |     64 |    248 |   2437 |   4 |  794.5 |
               +--------+--------+--------+--------+--------+-----+--------+

Top non-repeatable levels by time:
     D:2: 1135 daAuts
     D:3: 981 daAuts
     D:1: 866 daAuts
     D:4: 195 daAuts
